 Dungeon Crawl Stone Soup version 0.18-a0-1179-g120c792 (console) character file.

4873 FIQ the Skirmisher (level 10, -2/77 HPs)
             Began as a Demonspawn Skald on Jan 27, 2016.
             Slain by an orc warrior
             ... wielding a +0 glaive
              (17 damage)
             ... on level 8 of the Dungeon.
             The game lasted 00:35:22 (11578 turns).

FIQ the Skirmisher (Demonspawn Skald)              Turns: 11578, Time: 00:35:22

Health: -2/77      AC:  9    Str: 15    XL:     10   Next: 26%
Magic:  0/18       EV: 18    Int: 13    God:
Gold:   549        SH:  0    Dex: 17    Spells: 3 memorised, 13 levels left

rFire  + . .     SeeInvis .     n - +4 quarterstaff (chaos)
rCold  . . .     Gourm    .     D - +0 leather armour {rF+}
rNeg   . . .     Faith    .     (shield currently unavailable)
rPois  .         Spirit   +     (no helmet)
rElec  .         Dismiss  +     o - +0 cloak
rCorr  .         Reflect  .     E - +1 pair of gloves
SustAt .         Harm     .     (no boots)
MR     +....                    r - amulet of Leaves {Dismiss Str+3}
Stlth  +.........               v - ring of protection from magic
                                j - +3 ring of evasion

@: infused, somewhat resistant to hostile enchantments, very unstealthy
A: hooves 2, slimy green scales 1, agile 1, blurry vision 1, dopey 1, powered by
death 1, magic shield
a: no special abilities


You were on level 8 of the Dungeon.
You were not hungry.

You visited 2 branches of the dungeon, and saw 9 of its levels.

You collected 549 gold pieces.

Inventory:

Hand Weapons
 a - a +1 mace
 n - a +4 quarterstaff of chaos (weapon)
 B - a +2 mace of venom
Armour
 o - a +0 cloak (worn)
 D - a +0 leather armour of fire resistance (worn)
 E - a +1 pair of gloves (worn)
Jewellery
 j - a +3 ring of evasion (left hand)
 r - the amulet of Leaves (around neck) {Dismiss Str+3}
   (You took it off an orc on level 7 of the Dungeon)

   [amulet of dismissal]

   It may teleport away creatures that harm you.
   It affects your strength (+3).
 v - a ring of protection from magic (right hand)
 C - an uncursed ring of protection from fire
Wands
 g - a wand of fire (10/15)
 l - a wand of frost (34/48)
 m - a wand of polymorph (5/24)
 q - a wand of fireball (7/15)
 x - a wand of disintegration (12/24)
 G - a wand of polymorph (12/24)
Scrolls
 e - a scroll of noise {unknown}
 f - 3 scrolls of identify
 p - 2 scrolls of fear
 s - 2 scrolls of remove curse
 w - a scroll of enchant weapon
 y - a scroll of amnesia {unknown}
 z - a scroll of vulnerability {unknown}
Potions
 A - a potion of flight
Books
 c - a book of Battle

   Spells                             Type                      Level
   a - Infusion                       Charms                       1
   b - Shroud of Golubria             Charms/Translocation         2
   c - Song of Slaying                Charms                       2
   d - Spectral Weapon                Hexes/Charms                 3
   e - Regeneration                   Charms/Necromancy            3
 F - a book of the Sky

   Spells                             Type                      Level
   a - Summon Lightning Spire         Summoning/Air                4
   b - Airstrike                      Air                          4
   c - Silence                        Hexes/Air                    5
   d - Deflect Missiles               Charms/Air                   6
   e - Conjure Ball Lightning         Conjuration/Air              6
   f - Tornado                        Air                          9
Comestibles
 b - 2 chunks of flesh
 d - 5 bread rations
 i - 2 beef jerkies
 k - 7 fruits
 t - 3 meat rations


   Skills:
 + Level 6.4 Fighting
 + Level 5.9 Maces & Flails
 + Level 5.7 Armour
 + Level 5.7 Dodging
 + Level 5.7 Spellcasting
 + Level 6.3 Charms


You had 13 spell levels left.
You knew the following spells:

 Your Spells              Type           Power        Failure   Level  Hunger
a - Infusion              Chrm           ###.         1%          1    None
b - Regeneration          Chrm/Necr      ##........   17%         3    ###....
c - Spectral Weapon       Hex/Chrm       ##......     17%         3    ###....


Dungeon Overview and Level Annotations

Branches:
Dungeon (8/15)             Temple (0/1) D:6            Lair (1/8) D:8

Altars:
Cheibriados
Elyvilon
Nemelex Xobeh
Okawaru
Ru
Vehumet
Zin


Innate Abilities, Weirdness & Mutations

You have hoof-like feet.
You are partially covered in slimy green scales (AC +2).
You regenerate a little health from kills.
When hurt, damage is shared between your health and your magic reserves.
You are agile. (Dex +2)
Scrolls take you a little longer to read.
You are dopey. (Int -2)


Message History

The four-headed hydra barely misses you.
There is a staircase back to the Dungeon here.
You climb upwards.
Welcome back to the Dungeon!
There is a staircase to the Lair here.
You start resting.
You are too injured to fight recklessly!
Casting: Spectral Weapon
Confirm with . or Enter, or press ? or * to list all spells.
You begin infusing your attacks with magical energy.
The orc warrior shouts!
The orc warrior misses you.
There is an open door here.
You hit the orc warrior.
You feel better.
You kick the orc warrior.
The orc warrior is lightly wounded.
The orc warrior hits you with a glaive!
* * * LOW HITPOINT WARNING * * *
You closely miss the orc warrior.
The orc warrior is lightly wounded.
The orc warrior hits you with a glaive!!
You die...

##.. ####### #...
###.....### #...
##.........### #...
#.....P.P....## #...
##....P..P.....# #...
#....P.P..%P÷..## #...
##.P....P...PP...#####...
##...P.P.####P............
#.....P.P#.>#..PP..#####..
#....PP..@..#..P...# #..
#.....P.o####.P..P## #..
##......PP.PPP....# #..
##....P.PP..PPP..## #..
#............P...# #..
#......P....P...## #..
#.............### #..
#..........#### ######..
#.......#### #...##..
#......###### #.......
##.....##...#######.......


You could see an orc warrior.

Vanquished Creatures
  A komodo dragon (Lair:1)
  A merfolk (Lair:1)
  A polar bear (Lair:1)
  The ghost of twist the Changer, an amateur OpTm (D:5)
  A yak (D:8)
  A hungry ghost (D:8)
  A wolf (Lair:1)
  A water moccasin (Lair:1)
  Duvessa (D:6)
  2 sky beasts
  3 porcupines (Lair:1)
  2 orc warriors
  2 phantoms
  2 ice beasts (D:6)
  3 ogres
  A necrophage (D:5)
  The ghost of FIQ the Insei, an amateur DsMo (D:3)
  A centaur (D:7)
  A crocodile (Lair:1)
  5 giant frogs
  Dowan (D:6)
  3 crimson imps
  A giant frog zombie (D:5)
  4 hounds
  5 jellies
  A centaur skeleton (D:4)
  A quasit (D:8)
  2 orc priests
  7 orc wizards
  2 iguanas
  8 worker ants
  A hound zombie (D:5)
  A hound skeleton (D:6)
  Robin (D:4)
  A worker ant zombie (D:6)
  12 adders
  7 gnolls
  A river rat (D:8)
  An ooze (D:4)
  An adder skeleton (D:4)
  3 worms
  A giant gecko (D:4)
  39 orcs
  3 ball pythons
  21 bats
  7 giant cockroaches
  19 goblins
  12 hobgoblins
  16 jackals
  A quokka (D:4)
  A giant gecko skeleton (D:5)
  15 giant newts
  9 kobolds
  16 rats
256 creatures vanquished.

Vanquished Creatures (others)
  A giant cockroach (D:4)
  A quokka (D:4)
  A fungus (D:8)
  2 spectral weapons
5 creatures vanquished.

Grand Total: 261 creatures vanquished

Notes
Turn   | Place    | Note
--------------------------------------------------------------
     0 | D:1      | FIQ the Demonspawn Skald began the quest for the Orb.
     0 | D:1      | Reached XP level 1. HP: 16/16 MP: 3/3
    37 | D:1      | Reached skill level 1 in Armour
   228 | D:1      | Reached skill level 1 in Dodging
   283 | D:1      | Gained mutation: When hurt, damage is shared between your health and your magic reserves. [demonic ancestry]
   283 | D:1      | Reached XP level 2. HP: 20/22 MP: 1/5
  1180 | D:1      | Gained mutation: You have large cloven feet. [demonic ancestry]
  1180 | D:1      | Reached XP level 3. HP: 25/27 MP: 3/6
  1480 | D:1      | Reached skill level 3 in Charms
  1647 | D:1      | Gained mutation: You have hoof-like feet. [demonic ancestry]
  1647 | D:1      | Reached XP level 4. HP: 6/34 MP: 0/7
  2646 | D:2      | Found a radiant altar of Vehumet.
  2736 | D:2      | Found a sacrificial altar of Ru.
  3048 | D:3      | Found an iron altar of Okawaru.
  3323 | D:3      | Reached XP level 5. HP: 14/39 MP: 0/8
  3965 | D:3      | Noticed FIQ's ghost (amateur DsMo)
  4505 | D:3      | Killed FIQ's ghost
  4505 | D:3      | Gained mutation: You regenerate a little health from kills. [demonic ancestry]
  4505 | D:3      | Reached XP level 6. HP: 13/46 MP: 4/10
  5015 | D:3      | Learned a level 3 spell: Regeneration
  5019 | D:3      | Learned a level 3 spell: Spectral Weapon
  5181 | D:4      | Reached skill level 4 in Charms
  5244 | D:4      | Found a white marble altar of Elyvilon.
  5254 | D:4      | Found a snail-covered altar of Cheibriados.
  5309 | D:4      | Reached XP level 7. HP: 45/52 MP: 5/11
  5785 | D:4      | Found a glowing silver altar of Zin.
  6476 | D:4      | Noticed Crazy Yiuf
  6485 | D:4      | Noticed Crazy Yiuf
  6485 | D:4      | Crazy Yiuf changed into Crazy Yiuf the hell rat
  6486 | D:4      | Noticed Crazy Yiuf
  6486 | D:4      | Crazy Yiuf the hell rat changed into Crazy Yiuf the worm
  6494 | D:4      | Killed Crazy Yiuf the worm
  6770 | D:4      | Noticed Robin
  6821 | D:4      | Killed Robin
  6910 | D:5      | Entered Level 5 of the Dungeon
  7109 | D:5      | Noticed twist's ghost (amateur OpTm)
  7110 | D:5      | Gained mutation: You are agile. (Dex +2) [potion of mutation]
  7110 | D:5      | Gained mutation: You are dopey. (Int -2) [potion of mutation]
  7110 | D:5      | Gained mutation: Scrolls take you a little longer to read. [potion of mutation]
  7118 | D:5      | Killed twist's ghost
  7118 | D:5      | Gained mutation: You are partially covered in slimy green scales (AC +2). [demonic ancestry]
  7118 | D:5      | Reached XP level 8. HP: 60/60 MP: 5/13
  7640 | D:6      | Reached skill level 5 in Charms
  7647 | D:6      | Noticed Duvessa
  7655 | D:6      | Killed Duvessa
  7667 | D:6      | Noticed Dowan
  7672 | D:6      | Killed Dowan
  7724 | D:6      | Reached skill level 5 in Fighting
  7970 | D:6      | Reached XP level 9. HP: 63/68 MP: 4/15
  7992 | D:6      | Found a staircase to the Ecumenical Temple.
  8096 | D:6      | Found a sparkling altar of Nemelex Xobeh.
  8661 | D:7      | Reached skill level 5 in Maces & Flails
  8929 | D:7      | Got a crude silver amulet
  9706 | D:8      | Reached skill level 5 in Dodging
  9791 | D:8      | Reached skill level 5 in Armour
  9805 | D:8      | Reached skill level 5 in Spellcasting
 10057 | D:8      | Identified the amulet of Leaves {Dismiss Str+3} (You took it off an orc on level 7 of the Dungeon)
 10350 | D:8      | Found a staircase to the Lair.
 10416 | Lair:1   | Entered Level 1 of the Lair of Beasts
 10441 | Lair:1   | Noticed a polar bear
 10446 | Lair:1   | Killed a polar bear
 10446 | Lair:1   | Reached skill level 6 in Fighting
 10569 | Lair:1   | Noticed Urug
 10612 | Lair:1   | Noticed a komodo dragon
 10644 | Lair:1   | Reached XP level 10. HP: 26/76 MP: 6/18
 10645 | Lair:1   | Noticed Urug
 10645 | Lair:1   | Urug changed into Urug the merfolk
 10647 | Lair:1   | Killed Urug the merfolk
 11467 | Lair:1   | Noticed a four-headed hydra
 11578 | D:8      | Slain by an orc warrior

Vault maps used:
D:1:      roderic_crossed_star, minmay_cupped
D:2:      vehumet_crystals, nicolae_ru_awakened_eye, minmay_misc_feat_columns
D:3:      okawaru_trees_1, guppyfry_early_lair_pool
D:4:      nicolae_overflow_crystal_walls, elyvilon_altar_4, kennysheep_mini,
          st_stairs_1, kennysheep_minor_cross, uniq_crazy_yiuf_cottage,
          uniq_robin
D:5:      first_bread
D:6:      nemelex_xobeh_ov_fountains_minmay, temple_hall, uniq_duvessa
D:8:      grunt_lair_entry_orc_guard_hut
Lair:1:   uniq_urug

Action                   |  1- 3 |  4- 6 |  7- 9 | 10-12 || total
-------------------------+-------+-------+-------+-------++-------
Melee: Mace              |   101 |   418 |   205 |       ||   724
       Quarterstaff      |       |       |   276 |    58 ||   334
 Cast: Infusion          |    15 |    23 |    23 |     2 ||    63
       Spectral Weapon   |       |       |     7 |     1 ||     8
Evoke: Wand              |       |       |     2 |       ||     2
  Use: Potion            |     3 |     4 |     5 |     1 ||    13
       Scroll            |       |     7 |     2 |       ||     9
 Stab: Invisible         |     1 |       |       |       ||     1
       Distracted        |       |       |     1 |       ||     1
       Confused          |       |       |     1 |       ||     1
  Eat: Chunk             |     3 |    13 |    20 |     3 ||    39
